 Seeded DCSS version 0.28.0-53-g5a82cb258f (webtiles) character file.

Game seed: 17327194169913625088 (custom seed)

2 Kranky the Shield-Bearer (level 1, 0/17 HPs)
             Began as a Gnoll Wanderer on June 24, 2022.
             Succumbed to a goblin's poison
             ... on level 1 of the Dungeon.
             The game lasted 00:00:09 (97 turns).

Kranky the Shield-Bearer (Gnoll Wanderer)             Turns: 97, Time: 00:00:09

Health: 0/17       AC:  4    Str: 13    XL:     1   Next: 30%
Magic:  6/6        EV: 12    Int: 11    God:
Gold:   8          SH:  7    Dex:  9    Spells: 8/9 levels left

rFire   . . .      SeeInvis .   a - +0 club
rCold   . . .      Faith    .   d - +2 buckler
rNeg    . . .      Spirit   .   c - +0 leather armour
rPois   .          Reflect  .   (no helmet)
rElec   .          Harm     .   (no cloak)
rCorr   .          Rampage  .   (no gloves)
Will    .....                   b - +0 pair of boots
Stlth   +.........              (no amulet)
HPRegen 0.05/turn               (no ring)
MPRegen 0.10/turn               (no ring)

@: lethally poisoned (0 -> -8)
A: fangs 1, strong nose, distributed training
a: no special abilities


You were on level 1 of the Dungeon.
You visited 1 branch of the dungeon, and saw 1 of its levels.

You collected 8 gold pieces.

Inventory:

Hand Weapons
 a - a +0 club (weapon)
Armour
 b - a +0 pair of boots (worn)
 c - a +0 leather armour (worn)
 d - a +2 buckler (worn)


   Skills:
 + Level 2.3 Fighting
 + Level 0.0 Short Blades
 + Level 0.0 Long Blades
 + Level 0.0 Axes
 + Level 0.0 Maces & Flails
 + Level 0.0 Polearms
 + Level 0.0 Staves
 + Level 0.0 Slings
 + Level 0.0 Bows
 + Level 0.0 Crossbows
 + Level 0.0 Throwing
 + Level 2.3 Armour
 + Level 4.4 Dodging
 + Level 0.0 Stealth
 + Level 6.4 Shields
 + Level 0.0 Unarmed Combat
 + Level 4.8 Spellcasting
 + Level 0.0 Conjurations
 + Level 1.9 Hexes
 + Level 0.0 Summonings
 + Level 0.0 Necromancy
 + Level 0.0 Translocations
 + Level 0.0 Transmutations
 + Level 0.0 Fire Magic
 + Level 0.0 Ice Magic
 + Level 0.0 Air Magic
 + Level 0.0 Earth Magic
 + Level 0.0 Poison Magic
 + Level 0.1 Invocations
 + Level 0.0 Evocations


You had 8 spell levels left.
You knew the following spells:

 Your Spells              Type           Power      Damage    Failure   Level
a - Slow                  Hex            28%        N/A       16%         1

Your spell library contained the following spells:

 Spells                   Type           Power      Damage    Failure   Level
 Confusing Touch          Hex            7%         N/A       43%         3


Dungeon Overview and Level Annotations

Branches:
Dungeon (1/15)

Altars:


Innate Abilities, Weirdness & Mutations

You have very sharp teeth.
Your uncanny sense of smell can sniff out nearby items.
Your experience applies equally to all skills.


Message History

The rat misses you. The rat barely misses you.
You barely miss the rat.
The rat is severely wounded.
The rat barely misses you.
You hit the rat.
You kill the rat!
No target in view!
No target in view!
HP restored.
You see here a rat corpse.
You now have 8 gold pieces.
A goblin comes into view. It is wielding a +1 dagger of venom.
The goblin shouts!
The goblin hits you but does no damage.
You are poisoned.
You barely miss the goblin.
You feel sick. The goblin barely misses you. You block the goblin's attack.
You miss the goblin.
You feel sick.
The goblin hits you with a +1 dagger of venom.
You are lethally poisoned!
You hit the goblin.
The goblin is moderately wounded.
You feel very sick. You block the goblin's attack.
You barely miss the goblin.
The goblin is moderately wounded.
You feel very sick. The goblin hits you but does no damage.
You are more poisoned.
You are too injured to fight recklessly!
You are too injured to fight recklessly!
You are too injured to fight recklessly!
You hit the goblin.
You kill the goblin!
* * * LOW HITPOINT WARNING * * *
You feel very sick.
* * * LOW HITPOINT WARNING * * *
You feel very sick.
You see here a +1 dagger of venom.
You die...

...#.# #.# .#.#.#
#.# .#...# #.#
####.# ... .....#
#.# ###### #.#
#.####### ##.##
........# ##...##
#.#####.# ##.###@#
#.# #.# #.## ##...#
#.# #.# #.♣#♣#♣.♣.#
#.#####.###........
#
#...........♣#♣#♣#♣#
#######.###.# #.#
#.# #.# #.# #.. ..#


There were no monsters in sight!

Vanquished Creatures
  A goblin (D:1)
  A rat (D:1)
2 creatures vanquished.

Notes
Turn   | Place    | Note
-------+----------+-------------------------------------------
     0 | D:1      | Kranky the Gnoll Wanderer began the quest for the Orb.
     0 | D:1      | Kranky set off with the following items: a +0 club, a +0
                  | pair of boots, a +0 leather armour, a +2 buckler; and the
                  | following spell memorised: Slow; and the following spells
                  | available to memorise: Confusing Touch
     0 | D:1      | Reached XP level 1. HP: 17/17 MP: 6/6
    97 | D:1      | Succumbed to a goblin's poison

Illustrated notes

Levels and vault maps discovered:
D:1:      onia_arrival_mini_maze, layout_loops_ring,
          ebering_ecumenical_altar_box, serial_forest,
          infiniplex_forest_lined_corner, infiniplex_forest_straight_1,
          infiniplex_forest_lined_3, infiniplex_forest_straight_1,
          infiniplex_forest_lined_2, infiniplex_forest_straight_3,
          infiniplex_forest_straight_3, infiniplex_forest_lined_room_,
          infiniplex_forest_clump_diagonal

Action                   || total
-------------------------++-------
Melee: Club              ||    13
Armor: Leather armour    ||     3
Dodge: Dodged            ||     5
Block: Buckler           ||     5
